Map: Lockdown LE

Players

ViBE - Winner!

  • Race: Zerg Zerg
  • League: Master

mkultra

  • Race: Zerg Zerg

VOD

Have the link to the VOD?

Description

Time

  • Played on: Oct. 13, 2026, 8:37 p.m.
  • Length: 9:47
Show
View Real Time Build Order
Export as new Build Order

ViBE Zerg - Winner!

Build Orders: Hatch First 

Get SALT Encoding   

  12  0:00  Drone  
  13  0:12  Overlord  
  13  0:17  Drone  
  14  0:31  Drone x2  
  16  0:36  Drone  
  17  0:52  Hatchery  
  17  0:56  Drone  
  17  0:58  Drone  
  18  1:10  Spawning Pool  
  17  1:13  Drone  
  17  1:17  Drone  
  19  1:28  Drone  
  20  1:39  Overlord  
  20  1:42  Extractor  
  19  1:50  Drone  
  20  1:58  Queen  
  22  2:03  Queen  
  22  2:04  Drone x2  
  26  2:11  Drone  
  27  2:17  Overlord  
  27  2:23  Drone  
  27  2:26  Drone  
  29  2:33  Drone  
  29  2:36  Drone  
  31  2:41  Queen  
  31  2:43  Drone  
  34  2:47  Drone  
  34  2:48  Lair  
  35  2:56  Roach Warren  
  35  2:57  Drone  
  35  2:59  Overlord  
  35  3:05  Drone  
  36  3:08  Drone x3  
  36  3:09  Drone  
  36  3:10  Drone x2  
  42  3:14  Drone  
  42  3:17  Drone  
  44  3:20  Overlord  
  44  3:25  Extractor  
  43  3:27  Extractor  
  43  3:30  Drone  
  43  3:39  Hatchery  
  42  3:43  Drone  
  42  3:44  Drone x5  
  42  3:45  Drone  
  42  3:48  Glial Reconstitution  
  49  3:59  Roach x3  
  55  4:05  Overlord  
  55  4:08  Overlord  
  55  4:13  Roach x2  
  55  4:15  Overlord  
  59  4:23  Queen, Roach  
  59  4:24  Roach x2  
  67  4:28  Overlord  
  67  4:30  Overlord  
  67  4:36  Drone x2  
  69  4:44  Drone  
  69  4:45  Drone x2  
  72  4:47  Drone x4  
  76  4:55  Drone  
  76  4:57  Drone  
  78  5:01  Drone  
  78  5:05  Hydralisk Den, Evolution Chamber  
  78  5:06  Drone, Evolution Chamber  
  77  5:11  Drone x2  
  79  5:17  Drone x4  
  84  5:21  Drone x3  
  84  5:24  Hatchery  
  84  5:27  Overlord  
  84  5:28  Overlord x2  
  85  5:31  Extractor  
  85  5:33  Drone, Extractor  
  85  5:35  Grooved Spines  
  84  5:38  Zerg Missile Weapons Level 1, Zerg Ground Armor Level 1  
  84  5:39  Drone  
  84  5:40  Drone  
  86  6:02  Drone  
  87  6:07  Drone x2  
  87  6:08  Drone x2  
  87  6:10  Hydralisk  
  87  6:11  Hydralisk x6, Extractor  
  104  6:18  Hydralisk x4  
  104  6:20  Hydralisk  
  114  6:25  Muscular Augments  
  114  6:37  Hydralisk x3  
  120  6:41  Drone x2  
  120  6:42  Drone x3  
  125  6:49  Overlord x2  
  125  6:58  Drone x8  
  133  7:05  Drone  
  133  7:07  Drone  
  133  7:08  Drone x2  
  137  7:11  Extractor x2, Drone x4  
  139  7:18  Hatchery  
  139  7:20  Overlord x3  
  139  7:21  Overlord x2  
  139  7:22  Overlord x2  
  138  7:30  Hydralisk  
  138  7:31  Hydralisk  
  138  7:32  Hydralisk x2  
  138  7:36  Hydralisk  
  138  7:37  Hydralisk x2  
  152  7:52  Hydralisk x12  
  176  7:59  Infestation Pit  
  175  8:12  Hydralisk x6  
  177  8:13  Hydralisk  
  177  8:16  Drone  
  190  8:23  Hydralisk  
  190  8:24  Hydralisk x3  
  190  8:26  Hydralisk  
  196  8:29  Hydralisk  
  198  9:06  Hydralisk  
  198  9:07  Hydralisk x2  
  198  9:08  Hydralisk  
  198  9:09  Hydralisk x2  
  200  9:10  Hydralisk  
  200  9:12  Hatchery  
  193  9:22  Hydralisk  
  193  9:23  Hydralisk x4  
  197  9:25  Drone  
Show
View Real Time Build Order
Export as new Build Order

mkultra Zerg 

Build Orders: Pool First 

Get SALT Encoding   

  12  0:03  Drone  
  13  0:08  Drone  
  14  0:24  Overlord  
  14  0:39  Spawning Pool  
  14  0:41  Drone  
  14  0:44  Drone x2  
  16  0:54  Drone  
  17  1:03  Overlord  
  17  1:15  Drone  
  18  1:24  Extractor  
  17  1:26  Drone  
  18  1:45  Drone  
  18  1:46  Hatchery  
  18  1:53  Drone  
  19  2:10  Drone  
  19  2:11  Drone  
  21  2:18  Overlord  
  21  2:21  Queen  
  23  2:35  Drone  
  24  2:43  Drone  
  25  2:51  Extractor  
  24  2:52  Drone  
  24  2:57  Queen  
  24  2:58  Queen  
  30  3:12  Drone  
  30  3:13  Drone x3  
  33  3:27  Drone  
  33  3:30  Overlord  
  34  3:35  Drone x2  
  36  3:58  Roach Warren  
  36  3:59  Drone x4  
  36  4:00  Drone  
  40  4:07  Extractor  
  40  4:09  Extractor  
  38  4:28  Drone  
  38  4:29  Drone x3  
  42  4:32  Zergling x2  
  42  4:33  Zergling x6  
  46  4:45  Drone x3  
  49  5:10  Roach  
  49  5:12  Overlord x2  
  49  5:13  Overlord  
  51  5:29  Zergling x2  
  52  5:37  Hatchery  
  52  5:42  Metabolic Boost  
  51  5:51  Lair  
  51  5:53  Drone x4  
  51  5:54  Drone x2  
  51  5:55  Roach x3  
  51  5:56  Roach x2  
  67  5:58  Overlord  
  61  6:19  Roach x4  
  69  6:48  Roach  
  69  6:49  Roach x5  
  69  6:51  Overlord x3  
  81  7:06  Drone  
  82  7:09  Queen  
  82  7:12  Drone  
  82  7:13  Drone x8  
  93  7:49  Roach x6  
  93  7:51  Overlord x3  
  105  8:00  Pneumatized Carapace  
  105  8:04  Overlord x3  
  105  8:18  Drone  
  105  8:19  Drone x5  
  112  8:34  Roach x6  
  112  8:35  Roach  
  124  8:50  Roach  
  124  8:51  Roach x9  
  124  8:53  Evolution Chamber  
  143  8:55  Evolution Chamber  
  135  9:06  Roach  
  135  9:07  Roach x4  
  85  9:22  Roach x3  
Tags
 
League
Master
Matchup
ZvZ
Player
ViBE
Race
Zerg
Add a new tag
Caveats
  • Supply blocks, unpowered buildings, or Contaminate may cause inaccurate times.
  • Supply counts are checked every 10 seconds.